 Dungeon Crawl Stone Soup version 0.23-a0-61-g4bf3f6c (webtiles) character file.

7 Amnesiac the Conjurer (level 1, -4/14 HPs)
             Began as a Mummy Conjurer on Aug 9, 2018.
             Slain by a goblin
             ... wielding a +0 club
              (5 damage)
             ... on level 2 of the Dungeon.
             The game lasted 00:00:39 (162 turns).

Amnesiac the Conjurer (Mummy Conjurer)               Turns: 162, Time: 00:00:39

Health: -4/14      AC:  2    Str: 11    XL:     1   Next: 91%
Magic:  0/4        EV: 12    Int: 14    God:
Gold:   0          SH:  0    Dex: 12    Spells: 4/5 levels left

rFire    x . .     SeeInvis .   (no weapon)
rCold    + . .     Gourm    .   (no shield)
rNeg     + + +     Faith    .   a - +0 robe
rPois    ∞         Spirit   .   (no helmet)
rElec    .         Reflect  .   (no cloak)
rCorr    .         Harm     .   (no gloves)
MR       .....                  (no boots)
Stlth    ++........             (no amulet)
HPRegen  0.04/turn              (no ring)
MPRegen  0.09/turn              (no ring)

@: no status effects
A: no food or potions, fire vulnerability, cold resistance 1, negative energy
resistance 3, torment resistance, unbreathing
a: no special abilities


You were on level 2 of the Dungeon.
You were not hungry.

You visited 1 branch of the dungeon, and saw 2 of its levels.

Inventory:

Missiles
 d - 12 stones (quivered)
Armour
 a - a +0 robe (worn)
Jewellery
 b - a +3 ring of evasion {unknown}
Scrolls
 c - a scroll of identify {!r, unknown}


   Skills:
 + Level 0.5 Fighting
 * Level 1.9 Dodging
 - Level 1.5 Stealth
 + Level 2.9 Spellcasting
 - Level 3.2 Conjurations


You had 4 spell levels left.
You knew the following spells:

 Your Spells              Type           Power        Failure   Level  Hunger
a - Magic Dart            Conj           ##..         5%          1    N/A

Your spell library contained the following spells:

 Spells                   Type           Power        Failure   Level  Hunger
 Iskenderun's Mystic Bla  Conj           ##......     50%         4    N/A
 Fulminant Prism          Conj/Hex       #.........   73%         4    N/A
 Dazzling Spray           Conj/Hex       #.....       32%         3    N/A
 Force Lance              Conj/Tloc      #.......     73%         4    N/A
 Searing Ray              Conj           ##....       9%          2    N/A

Dungeon Overview and Level Annotations

Branches:
Dungeon (2/15)

Altars:


Innate Abilities, Weirdness & Mutations

You do not eat or drink.
Your flesh is vulnerable to fire.
You are immune to poison.
Your flesh is cold resistant. (rC+)
You are immune to negative energy. (rN+++)
You are immune to unholy pain and torment.
You can survive without breathing.


Message History

Casting: Magic Dart (safe; 6% risk of failure)
Confirm with . or Enter, or press ? or * to list all spells.
Aiming: Magic Dart (safe; 6% risk of failure)
Press: ? - help, Shift-Dir - straight line, f/p - leopard gecko
Aim: a leopard gecko (heavily wounded)
You miscast Magic Dart.
You are very lightly contaminated with residual magic.
Nothing appears to happen.
The hobgoblin closely misses you.
The leopard gecko completely misses you.
Unknown command.
The leopard gecko barely misses you.
Found a leather armour.
Found a fizzy dark potion.
The leopard gecko barely misses you.
An ooze comes into view.
The leopard gecko barely misses you.
Found 17 gold pieces.
Found an escape hatch in the floor.
Casting: Magic Dart (safe; 6% risk of failure)
Confirm with . or Enter, or press ? or * to list all spells.
Aiming: Magic Dart (safe; 6% risk of failure)
Press: ? - help, Shift-Dir - straight line, f/p - leopard gecko
Aim: a leopard gecko (heavily wounded, clinging)
The magic dart hits the leopard gecko.
The leopard gecko is almost dead.
The hobgoblin closely misses you. The leopard gecko closely misses you.
Unknown command.
The ooze quivers.
A bat comes into view.
The leopard gecko bites you.
* * * LOW HITPOINT WARNING * * *
The bat closely misses you. The ooze hits you.
* * * LOW HITPOINT WARNING * * *
The bat closely misses you. The bat completely misses you. The bat hits you.
* * * LOW HITPOINT WARNING * * *
The bat hits you.
* * * LOW HITPOINT WARNING * * *
The bat barely misses you.
The bat is sucked into a shaft!
The shaft crumbles and collapses.
Casting: Magic Dart (safe; 6% risk of failure)
Confirm with . or Enter, or press ? or * to list all spells.
Aiming: Magic Dart (safe; 6% risk of failure)
Press: ? - help, Shift-Dir - straight line, f/p - leopard gecko
Aim: a leopard gecko (severely wounded, clinging)
The magic dart hits the leopard gecko.
You kill the leopard gecko!
Your magical contamination has completely faded away.
A goblin comes into view. It is wielding a club.
The goblin shouts!
Found a stone staircase leading down.
The goblin hits you with a club.
* * * LOW HITPOINT WARNING * * *
Found 12 gold pieces.
Found a sedimented black potion.
Casting: Magic Dart (safe; 5% risk of failure)
Confirm with . or Enter, or press ? or * to list all spells.
Aiming: Magic Dart (safe; 5% risk of failure)
Press: ? - help, Shift-Dir - straight line, f - goblin
Aim: a goblin, wielding a club The magic dart hits the goblin.
The goblin is moderately wounded.
The goblin hits you with a club.
You die...

#........#
#####........#
#.....>......#
#............#
#...!....$...#
#.........##.#
#.........##.#
#.......####.#
#......@# #.# $#
#######g## #.# ...
#########J.# #.####.#
#..........###.#....#
#.........g.##....#
#...........##g#..#
#............#J...#
#..........#.#.##.#
#..........#..[# .#


You could see an ooze, a hobgoblin and a goblin.

Vanquished Creatures
  A leopard gecko (D:2)
  2 goblins (D:1)
  2 hobgoblins (D:1)
5 creatures vanquished.

Notes
Turn   | Place    | Note
-------+----------+-------------------------------------------
     0 | D:1      | Amnesiac the Mummy Conjurer began the quest for the Orb.
     0 | D:1      | Reached XP level 1. HP: 13/13 MP: 4/4
   162 | D:2      | Slain by a goblin

Vault maps used:
D:1:      shiori_arrival_elements, minmay_pentomino_x2
D:2:      evilmike_ruin_ashenzari

Action                   || total
-------------------------++-------
 Cast: Magic Dart        ||    12
Dodge: Dodged            ||    16

Table legend:
 A = Non-vault XP
 B = Vault XP
 C = Vault XP percentage of total XP
 D = Non-vault monster count
 E = Vault monster count
 F = Vault count percentage of total count
 G = Total turns spent on level
                 A         B        C        D         E       F
            +---------+---------+-------+---------+---------+-------
      Total |      11 |       0 |   0.0 |       5 |       0 |   0.0
            +---------+---------+-------+---------+---------+-------
        D:1 |       8 |       0 |   0.0 |       4 |       0 |   0.0
        D:2 |       3 |       0 |   0.0 |       1 |       0 |   0.0
            +---------+---------+-------+---------+---------+-------
